 Dungeon Crawl Stone Soup version 0.30-a0-40-gc6d0f036a7 (webtiles) character file.

Game seed: 5442307031370206577

649912 nono the Slayer (level 26, -4/221 (243) HPs)
             Began as a Palentonga Fighter on Aug 29, 2022.
             Was the Champion of the Shining One.
             Slain by a reaper
             ... wielding a +4 scythe
             ... called by a doom hound
              (27 damage)
             ... on level 7 of Tartarus.
             The game lasted 05:23:26 (62896 turns).

nono the Slayer (Palentonga Fighter)               Turns: 62896, Time: 05:23:27

HP:   -4/221 (243)  AC: 59    Str: 38    XL:     26   Next: 73%
MP:   13/35         EV:  6    Int: 20    God:    the Shining One [******]
Gold: 8090          SH: 27    Dex: 11    Spells: 25/25 levels left

rFire   + + +      SeeInvis +    y - +8 trishula "Condemnation" {holy, anguish, *Noise Fly rN+}
rCold   + + .      Faith    .    i - +2 tower shield "Jezojoenn" {rElec Str+4}
rNeg    + + +      Spirit   .    t - +9 gold dragon scales
rPois   +          Reflect  .    N - +3 helmet of Beucvaij {Int+4}
rElec   +          Harm     .    E - +1 cloak of Words of Power {rF+ Int+4}
rCorr   +          Rampage  .    a - +0 pair of gloves of the Northern Lights {Will+ Str+3 Stlth-}
Will    +....                    G - +6 lightning scales {swift, rElec}
Stlth   ..........               q - amulet of regeneration
HPRegen 1.26/turn                A - ring of Onas {rPois rC+ Will+ Stlth+}
MPRegen 0.24/turn                X - ring "Plog" {rElec rF+ rCorr}

@: about to teleport, flying, glowing, studying 2 skills, drained, curled up,
weak-willed, quick
A: large, rugged brown scales 3, see invisible, deformed body, roll 1, armoured
tail, reflexive curl, large bone plates 1, thin skeletal structure 1, wild magic
1
}: 5/15 runes: barnacled, slimy, silver, abyssal, gossamer
a: Rolling Charge, Renounce Religion, Divine Shield, Cleansing Flame, Summon
Divine Warrior, Brand Weapon With Holy Wrath


You were on level 7 of Tartarus.
You worshipped the Shining One.
The Shining One was exalted by your worship.
You visited 13 branches of the dungeon, and saw 59 of its levels.
You visited the Abyss 3 times.
You also visited: Sewer and Volcano.

You collected 10744 gold pieces.
You spent 2654 gold pieces at shops.

Inventory:

Hand Weapons
 y - the +8 trishula "Condemnation" (weapon) {holy, anguish, *Noise Fly rN+}
   (You acquired it on level 10 of the Dungeon)

   It has been blessed by the Shining One to cause great damage to the undead
   and demons.
   It inflicts anguish, making its victims' attacks reflect back on them.
   rN:        It protects you from negative energy.
   Fly:       It grants you flight.
   *Noise:    It may make noises in combat.
Missiles
 o - 5 throwing nets
Armour
 a - the +0 pair of gloves of the Northern Lights (worn) {Will+ Str+3 Stlth-}
   (Okawaru gifted it to you on level 11 of the Dungeon)

   Str:       It affects your strength (+3).
   Will:      It increases your willpower.
   Stlth:     It makes you less stealthy.
 i - the +2 tower shield "Jezojoenn" (worn) {rElec Str+4}
   (Okawaru gifted it to you in the Arena)

   Str:       It affects your strength (+4).
   rElec:     It insulates you from electricity.
 k - a +2 tower shield
 r - the +1 cloak "Huxohal" {rC+ Str-4 Int+8 Stlth+}
   (You bought it in a shop on level 6 of the Dungeon)

   Str:       It affects your strength (-4).
   Int:       It affects your intelligence (+8).
   rC:        It protects you from cold.
   Stlth:     It makes you more stealthy.
 t - +9 gold dragon scales (worn)
 E - the +1 cloak of Words of Power (worn) {rF+ Int+4}
   (Okawaru gifted it to you on level 2 of the Shoals)

   Int:       It affects your intelligence (+4).
   rF:        It protects you from fire.
 G - the +6 lightning scales (worn) {swift, rElec}
   (You found it on level 3 of the Crypt)

   It allows the wearer to cover ground more swiftly.
   rElec:     It insulates you from electricity.
 I - a +2 pair of gloves of strength
 N - the +3 helmet of Beucvaij (worn) {Int+4}
   (You found it on level 2 of the Spider Nest)

   Int:       It affects your intelligence (+4).
 S - the +3 barding "Seunobb" {rElec Stlth+}
   (Okawaru gifted it to you on level 4 of the Lair of Beasts)

   rElec:     It insulates you from electricity.
   Stlth:     It makes you more stealthy.
 T - the +1 gold dragon scales of Woecirig {rPois rF+ rC+ rCorr Int+7 Dex+8 Stlth-}
   (You found it on level 4 of the Shoals)

   Int:       It affects your intelligence (+7).
   Dex:       It affects your dexterity (+8).
   rF:        It protects you from fire.
   rC:        It protects you from cold.
   rPois:     It protects you from poison.
   rCorr:     It protects you from acid and corrosion.
   Stlth:     It makes you less stealthy.
 Y - the +0 barding "Vacu" {rF+++ Stlth-}
   (Okawaru gifted it to you in a volcano)

   rF:        It renders you almost immune to fire.
   Stlth:     It makes you less stealthy.
Jewellery
 e - a ring of the Octopus King {HP+2 AC+2 EV+2 SH+2 SInv}
   (You found it on level 5 of the Lair of Beasts)

   [ring of see invisible]

   AC:        It affects your AC (+2).
   EV:        It affects your evasion (+2).
   HP:        It affects your health (+2).
   SInv:      It lets you see invisible.
   SH:        It affects your SH (+2).
 g - a ring of protection from cold
 q - an amulet of regeneration (around neck)
 A - the ring of Onas (left hand) {rPois rC+ Will+ Stlth+}
   (You found it on level 4 of the Shoals)

   [ring of poison resistance]

   rC:        It protects you from cold.
   rPois:     It protects you from poison.
   Will:      It increases your willpower.
   Stlth:     It makes you more stealthy.
 D - the amulet "Gaoch" {Spirit rPois rN+ Str+3 Stlth-}
   (You found it on level 13 of the Dungeon)

   [amulet of guardian spirit]

   It causes incoming damage to be divided between your reserves of health and
   magic.
   Str:       It affects your strength (+3).
   rPois:     It protects you from poison.
   rN:        It protects you from negative energy.
   Stlth:     It makes you less stealthy.
 L - the ring of Beogh's Anger {rElec rN+ rCorr MP-9 SInv}
   (You took it off a deep elf knight on level 3 of the Elven Halls)

   [ring of see invisible]

   rElec:     It insulates you from electricity.
   rN:        It protects you from negative energy.
   MP:        It affects your magic capacity (-9).
   SInv:      It lets you see invisible.
   rCorr:     It protects you from acid and corrosion.
 R - a ring of positive energy
 U - an amulet of reflection
 X - the ring "Plog" (right hand) {rElec rF+ rCorr}
   (You acquired it on level 2 of the Vaults)

   [ring of protection from fire]

   rF:        It protects you from fire.
   rElec:     It insulates you from electricity.
   rCorr:     It protects you from acid and corrosion.
Wands
 l - a wand of digging (20)
 v - a wand of iceblast (5)
 M - a wand of quicksilver (23)
Scrolls
 f - a scroll of summoning
 h - 21 scrolls of teleportation
 s - 29 scrolls of identify
 u - 4 scrolls of brand weapon
 w - 8 scrolls of fear
 C - 7 scrolls of enchant weapon
 F - 10 scrolls of poison
 J - 12 scrolls of immolation
 K - 10 scrolls of blinking
 V - 5 scrolls of silence
 W - 3 scrolls of butterflies
 Z - 11 scrolls of magic mapping
Potions
 b - 5 potions of magic
 d - 13 potions of might
 j - 20 potions of curing
 m - 11 potions of mutation
 n - 11 potions of ambrosia
 p - 19 potions of attraction
 x - 10 potions of haste
 z - 6 potions of lignification
 B - 17 potions of flight
 H - 7 potions of berserk rage
 O - 4 potions of resistance
 P - 8 potions of cancellation
 Q - 10 potions of heal wounds
Miscellaneous
 c - the horn of Geryon


   Skills:
 + Level 23.0 Fighting
 - Level 8.6(10.3) Maces & Flails
 + Level 21.4(21.9) Polearms
 - Level 9.0(18.1) Staves
 + Level 19.7 Armour
 - Level 9.6 Dodging
 + Level 21.3 Shields
 + Level 16.6 Invocations


You had 25 spell levels left.
You didn't know any spells.
Your spell library contained the following spells:

 Spells                   Type           Power      Damage    Failure   Level
 Apportation              Tloc           0%         N/A       93%         1
 Beastly Appendage        Tmut           0%         N/A       93%         1
 Foxfire                  Conj/Fire      0%         2x1d4     93%         1
 Freeze                   Ice            0%         1d3       93%         1
 Magic Dart               Conj           0%         1d3       93%         1
 Sandblast                Erth           0%         2d4       93%         1
 Slow                     Hex            0%         N/A       93%         1
 Sting                    Tmut/Pois      0%         1d3       93%         1
 Blink                    Tloc           0%         N/A       98%         2
 Call Imp                 Summ           0%         N/A       98%         2
 Ensorcelled Hibernation  Hex/Ice        0%         N/A       98%         2
 Passwall                 Tmut/Erth      0%         N/A       98%         2
 Poisonous Vapours        Pois/Air       0%         N/A       98%         2
 Searing Ray              Conj           0%         2d4       98%         2
 Static Discharge         Conj/Air       0%         3-3/arc   98%         2
 Sublimation of Blood     Necr           0%         N/A       98%         2
 Wereblood                Tmut           0%         N/A       98%         2
 Confusing Touch          Hex            0%         N/A       100%        3
 Conjure Flame            Conj/Fire      0%         6-21      100%        3
 Dazzling Flash           Conj/Hex       0%         N/A       100%        3
 Frozen Ramparts          Ice            0%         1d1       100%        3
 Gell's Gravitas          Tloc           0%         N/A       100%        3
 Ignite Poison            Fire/Tmut/Pois 0%         N/A       100%        3
 Inner Flame              Hex/Fire       0%         N/A       100%        3
 Lesser Beckoning         Tloc           0%         N/A       100%        3
 Mephitic Cloud           Conj/Pois/Air  0%         N/A       100%        3
 Ozocubu's Armour         Ice            0%         N/A       100%        3
 Spider Form              Tmut/Pois      0%         N/A       100%        3
 Stone Arrow              Conj/Erth      0%         3d7       100%        3
 Summon Guardian Golem    Hex/Summ       0%         N/A       100%        3
 Swiftness                Air            0%         N/A       100%        3
 Teleport Other           Tloc           0%         N/A       100%        3
 Tukima's Dance           Hex            0%         N/A       100%        3
 Vampiric Draining        Necr           0%         2d6       100%        3
 Airstrike                Air            0%         2d(0-16)  100%        4
 Anguish                  Hex/Necr       0%         N/A       100%        4
 Animate Armour           Summ/Erth      0%         N/A       100%        4
 Cause Fear               Hex            0%         N/A       100%        4
 Corpse Rot               Necr/Pois/Air  0%         N/A       100%        4
 Flame Wave               Conj/Fire      0%         2d4       100%        4
 Fulminant Prism          Conj/Hex       0%         3d6       100%        4
 Hailstorm                Conj/Ice       0%         3d3       100%        4
 Ice Form                 Ice/Tmut       0%         N/A       100%        4
 Iskenderun's Mystic Bla  Conj/Tloc      0%         2d3       100%        4
 Leda's Liquefaction      Hex/Erth       0%         N/A       100%        4
 Olgreb's Toxic Radiance  Pois           0%         N/A       100%        4
 Passage of Golubria      Tloc           0%         N/A       100%        4
 Petrify                  Tmut/Erth      0%         N/A       100%        4
 Sticky Flame             Conj/Fire      0%         2d3       100%        4
 Alistair's Intoxication  Tmut/Pois      0%         N/A       100%        5
 Blade Hands              Tmut           0%         N/A       100%        5
 Borgnjor's Vile Clutch   Necr/Erth      0%         N/A       100%        5
 Fireball                 Conj/Fire      0%         3d3       100%        5
 Irradiate                Conj/Tmut      0%         3d11      100%        5
 Lee's Rapid Deconstruct  Erth           0%         3d5*      100%        5
 Lightning Bolt           Conj/Air       0%         1d11      100%        5
 Metabolic Englaciation   Hex/Ice        0%         N/A       100%        5
 Silence                  Hex/Air        0%         N/A       100%        5
 Summon Forest            Summ/Tloc      0%         N/A       100%        5
 Yara's Violent Unravell  Hex/Tmut       0%         3d3       100%        5
 Dispersal                Tloc           0%         N/A       100%        6
 Eringya's Noxious Bog    Tmut/Pois      0%         N/A       100%        6
 Iron Shot                Conj/Erth      0%         9d1       100%        6
 Simulacrum               Ice/Necr       0%         N/A       100%        6
 Starburst                Conj/Fire      0%         6d3       100%        6
 Statue Form              Tmut/Erth      0%         N/A       100%        6
 Dragon Form              Tmut           0%         N/A       100%        7
 Enfeeble                 Hex            0%         N/A       100%        7
 Malign Gateway           Summ/Tloc      0%         N/A       100%        7
 Orb of Destruction       Conj           0%         9d5       100%        7
 Ozocubu's Refrigeration  Ice            0%         4d7       100%        7
 Spellforged Servitor     Conj/Summ      0%         N/A       100%        7
 Summon Hydra             Summ           0%         N/A       100%        7
 Borgnjor's Revivificati  Necr           0%         N/A       100%        8
 Discord                  Hex            0%         N/A       100%        8
 Disjunction              Tloc           0%         N/A       100%        8
 Ignition                 Fire           0%         3d3       100%        8
 Lehudib's Crystal Spear  Conj/Erth      0%         10d2      100%        8
 Necromutation            Tmut/Necr      0%         N/A       100%        8
 Chain Lightning          Conj/Air       0%         N/A       100%        9
 Death's Door             Necr           0%         N/A       100%        9
 Dragon's Call            Summ           0%         N/A       100%        9
 Fire Storm               Conj/Fire      0%         5d1       100%        9
 Shatter                  Erth           0%         3d5*      100%        9


Dungeon Overview and Level Annotations

Branches:
Dungeon (15/15)            Temple (1/1) D:7            Lair (5/5) D:11
 Shoals (4/4) Lair:3       Spider (4/4) Lair:3        Slime (5/5) Lair:4
    Orc (2/2) D:11            Elf (3/3) Orc:2        Vaults (5/5) D:13
  Crypt (3/3) Vaults:3       Tomb (0/3) Crypt:3      Depths (4/4) D:15
   Hell (visited)             Dis (0/7) Hell            Geh (0/7) Hell
    Coc (0/7) Hell            Tar (7/7) Hell            Zot (0/5) Depths:4
  Sewer (visited)         Volcano (visited)

Altars:
Ashenzari
Cheibriados
Dithmenos
Elyvilon
Fedhas
Gozag
Hepliaklqana
Kikubaaqudgha
Makhleb
Nemelex Xobeh
Okawaru
Qazlal
Ru
Sif Muna
Trog
Uskayaw
Vehumet
Wu Jian
Xom
Yredelemnul
Zin
The Shining One
Jiyva
Lugonu

Shops:
D:6 [=?*   D:7 *   D:15 (   Orc:2 :![*   Elf:2 =   Elf:3 (   Shoals:3 [
Vaults:3 =   Depths:1 ?:   Depths:4 [

Portals:
Hell: Depths:1 Depths:2 Depths:3 Depths:4
Abyss: Depths:1 Depths:3
Pandemonium: Orc:2 Depths:1 Depths:2 Depths:4
Ziggurat: Depths:1

Annotations:
D:7 2 exclusions
D:8 exclusion: upstairs
D:9 5 transporters
Lair:1 exclusion: 3 doors


Innate Abilities, Weirdness & Mutations

You are completely covered in rugged brown scales. (AC +3, +7% HP)
You have supernaturally acute eyesight. (SInv)
Armour fits poorly on your strangely shaped body.
You can roll at nearby foes to attack.
You have a long armoured tail.
You curl defensively after being hit. (AC +7*)
You are partially covered in large bone plates. (SH +4)
You have a somewhat thin skeletal structure. (Dex +2, Stealth+)
Your spells are a little harder to cast, but a little more powerful.


Message History

Your daeva hits the green draconian with a +4 long sword of holy wrath!
Your daeva hits the green draconian with a +4 long sword of holy wrath.
The green draconian dies!
Something hits your daeva! The bone dragon bites you!
* * * LOW HITPOINT WARNING * * *
You block the bone dragon's attack. x2
The deep elf knight mumbles some strange words.
The deep elf knight seems to speed up.
Something bites your daeva!
Your daeva blocks something's attack.
A reaper comes into view. It is wielding a +4 scythe.
Activating: Cleansing Flame (0% risk of failure)
Press: ? - help, Dir - look around, f - activate The golden flame engulfs you but does no damage.
The golden flame engulfs the bone dragon!!!!
The bone dragon writhes in agony!
The bone dragon is heavily damaged.
The golden flame engulfs the reaper!!!
The reaper writhes in agony!
The reaper is severely wounded.
The golden flame engulfs the Tzitzimitl!!
The Tzitzimitl writhes in agony!
The Tzitzimitl is moderately wounded.
The golden flame engulfs the stone giant!!
The stone giant is almost dead.
The golden flame engulfs the tainted leviathan!!
The tainted leviathan writhes in agony!
The tainted leviathan is lightly damaged.
The infernal howling subsides.
You hear a shout! x2; You hear a bark!
You hear a chilling moan.
You hear a shout!
Something barely misses your daeva. You block the bone dragon's attack.
The bone dragon claws you!
* * * LOW HITPOINT WARNING * * *
You block the bone dragon's attack.
Your daeva calls down the wrath of the Shining One upon the Tzitzimitl.
The Tzitzimitl is smitten.
Something barely misses your daeva. Something claws your daeva!
Your daeva dies!
Your daeva dissolves into sparkling lights!
The reaper hits you with a +4 scythe!!
You die...

,,'...edd.e....#*,,,**,,,,,,,,,,,
**#..Wed.e.....#,***.#,,,,,,,,,,,
*,.......We(e..#,###.#,,,,,,,,,,,
,,......##.dd..#,....#,,,,,**,,,,
,,.....#*##de..#,.○..#,,,,****,,,
,,.....**##.e.1#*☼○.#*,,,,****,,,
,,....,,*#....h.#§☼.#,,,,,,**,,,,
,,...,,,,.....CD#C☼.#...,,,,,,,,,
,,...,,,,......1@☼☼.....,,,,,,,,,
,,,,,,,,,........2......,,,,,,,,,
,,,,,,,,,...............,,,,,,,,,
,,,,*****#.....##..1##..,,,******
,,,**,,,,###1..*,...h#,.,***,,,,*
,,,*,**,,,.....,,......,,,,,,,**,
,,,*,**,,.....,,,.......,,,,,,**,
,,,*,**,,.....,,,....○○☼,,,,,,**,
,,,**,,,,***,,,*,,,,,*,,,***,,,,*


You could see a bone dragon, a tainted leviathan, 2 doom hounds, 4 Tzitzimimeh,
a green draconian, a red draconian, a white draconian, a stone giant, a reaper,
an eidolon, a deep elf archer (repels missiles), 3 deep elf knights and a deep
elf pyromancer.

Vanquished Creatures
  the Royal Jelly (Arena)
  5 ancient liches
  A dread lich (Crypt:3)
  Mara (Depths:1)
  Sojobo (Vaults:2)
  Josephina (Depths:2)
  Boris (Depths:3)
  Frederick (Vaults:2)
  Geryon (Hell)
  5 profane servitors
  3 golden dragons
  the Enchantress (Depths:4)
  11 bone dragons
  Jory (Vaults:5)
  8 doom hounds
  Arachne (Spider:4)
  14 Tzitzimimeh
  An Ice Fiend (Depths:4)
  Rupert (Spider:1)
  5 liches
  2 tainted leviathans
  3 quicksilver dragons
  6 deep elf blademasters
  The ghost of Duck the Tortoise, an adept GrFi of Makhleb (Crypt:2)
  6 deep elf master archers
  A walking earthen tome (Depths:4)
  5 tentacled monstrosities
  10 titans
  2 krakens
  An ancient champion (Crypt:2)
  An eldritch tentacle (Depths:1)
  Frances (Shoals:2)
  3 tentacled starspawn
  The ghost of QuickerDeath the Crack Shot, an adept HuIE of Hepliaklqana (Spider:2)
  3 sphinxes
  18 acid blobs
  6 shadow dragons
  4 draconian monks (Depths:4)
  5 tengu reavers
  Agnes (Spider:2)
  4 storm dragons
  12 azure jellies
  7 rockslimes
  An azure jelly (shapeshifter) (Vaults:5)
  A revenant (Crypt:3)
  A draconian knight (Vaults:2)
  Aizul (Shoals:4)
  12 fire giants
  An emperor scorpion (Spider:3)
  A curse skull (Crypt:3)
  4 iron dragons
  9 frost giants
  15 vault wardens
  2 spectral caustic shrikes
  6 ghouls
  2 deep elf sorcerers (Elf:3)
  5 deep elf elementalists (Elf:3)
  5 balrugs
  18 reapers
  5 orc warlords
  12 ironbound preservers
  A ghost moth (Spider:4)
  A draconian stormcaller (Depths:4)
  2 draconian annihilators (Depths:4)
  6 spriggan defenders
  4 ironbound thunderhulks
  A juggernaut skeleton (Hell)
  17 quicksilver oozes
  14 starcursed masses
  5 war gargoyles
  A broodmother (Spider:4)
  15 stone giants
  5 deep elf demonologists
  2 elemental wellsprings (Hell)
  22 very ugly things
  10 green draconians
  5 deep elf annihilators
  12 putrid mouths
  11 dire elephants
  8 red draconians
  5 vampire knights
  4 black draconians (Depths:4)
  5 entropy weavers
  6 purple draconians
  13 spark wasps
  12 white draconians
  9 eidola
  A spectral titan (Tar:2)
  2 yellow draconians
  6 jiangshi
  A spectral quicksilver dragon (Tar:3)
  Snorg (D:14)
  5 blizzard demons
  10 deep elf death magi
  6 deep elf high priests
  3 merfolk javelineers
  11 ettins
  10 fire dragons
  8 merfolk impalers
  The ghost of gabibbone the Frost Mage, a journeyman HuEE of Vehumet (Lair:2)
  4 crystal guardians (Depths:1)
  5 spectral spriggans
  12 yaktaur captains
  9 great orbs of eyes
  3 spriggan zombies (Crypt:3)
  6 rakshasas
  12 hydras
  The ghost of NigelTetley the Grappler, a journeyman TrFi of the Shining One (Lair:1)
  9 boulder beetles
  3 catoblepae
  A caustic shrike simulacrum (Hell)
  An ice dragon (shapeshifter) (Elf:1)
  2 demonspawn (Orc:2)
  30 vault guards
  Erolcha (D:10)
  7 centaur warriors
  2 juggernaut simulacra (Hell)
  7 ironbound frosthearts
  7 ogre magi
  2 jorogumos
  5 merfolk aquamancers
  3 spriggan air magi (Depths:4)
  5 ice dragons
  4 merfolk avatars
  A satyr (shapeshifter) (Vaults:5)
  The ghost of Jaydwuh the Fighter, a novice MiBe of Trog (Lair:1)
  7 deep troll shamans
  2 death scarabs
  3 two-headed ogres
  3 radroaches (Spider:2)
  30 dancing weapons
  6 deep troll earth magi
  7 tengu warriors
  6 vampire magi
  6 spectral stone giants
  A thrashing horror (Abyss:2)
  6 hell hogs
  Urug (D:11)
  8 orc high priests
  A spectral storm dragon (Tar:2)
  2 spriggan berserkers (Depths:4)
  10 sun demons
  5 soul eaters
  Nergalle (Lair:3)
  2 wretched stars
  31 deep elf knights
  10 hell knights
  A sixfirhy (Abyss:3)
  A fire crab (Depths:1)
  A titan skeleton (Vaults:3)
  18 skeletal warriors
  5 shadow wraiths
  5 pharaoh ants
  45 deep trolls
  7 iron trolls
  A spatial maelstrom (Abyss:5)
  11 sea snakes
  2 death drakes (Depths:4)
  5 glowing orange brains
  4 spectral anacondas
  2 bog bodies (Crypt:1)
  11 flayed ghosts
  An orange crystal statue (Depths:1)
  15 deep elf archers
  26 ironbound convokers
  16 lindwurms
  3 steelbarb worms
  13 wizards
  5 orb spiders
  22 harpies
  15 phantasmal warriors
  12 necromancers
  A spectral iron dragon (Tar:1)
  16 wolf spiders
  8 wolf spider zombies (Spider:3)
  An oklob plant (Abyss:5)
  39 deep elf zephyrmancers
  6 fauns (Shoals:2)
  37 deep elf pyromancers
  11 orc knights
  A stone giant zombie (Crypt:3)
  2 will-o-the-wisps (Abyss:2)
  50 ugly things
  3 spectral ettins
  13 manticores
  3 cyclopes
  3 black mambas
  5 moths of wrath
  A salamander (Depths:3)
  A spectral alligator snapping turtle (Tar:3)
  An iron dragon skeleton (Abyss:2)
  7 orc sorcerers
  A shining eye (Slime:5)
  An eleionoma skeleton (Crypt:1)
  2 dire elephant zombies
  A spectral centaur (Tar:1)
  18 elephants
  6 centaur zombies
  7 merfolk sirens
  A naga mage (Depths:1)
  10 fire giant skeletons
  3 stone giant skeletons
  4 smoke demons (Hell)
  18 vault sentinels
  2 titan simulacra (Hell)
  A black mamba (shapeshifter) (D:15)
  3 rust devils (Hell)
  An apocalypse crab (Abyss:2)
  5 molten gargoyles
  5 gargoyles
  10 torpor snails
  6 eyes of devastation
  9 cane toads
  An unseen horror (Abyss:4)
  6 water nymphs
  A centaur skeleton (Hell)
  An orange demon (Orc:2)
  5 rime drakes
  6 freezing wraiths
  2 tengu conjurers (Depths:1)
  26 yaktaurs
  3 kobold demonologists
  7 demonic crawlers
  A sea snake zombie (Crypt:2)
  5 hellions
  5 tormentors
  A spark wasp simulacrum (Depths:2)
  2 efreet
  A dire elephant skeleton (Hell)
  6 redback zombies (Spider:3)
  11 komodo dragons
  An elf skeleton (Vaults:3)
  2 yaktaur skeletons (Vaults:3)
  A golden dragon simulacrum (Depths:2)
  4 spectral harpies
  A merfolk (shapeshifter) (Vaults:5)
  A red devil (Orc:2)
  A harpy zombie (Hell)
  12 wind drakes
  3 meliai
  A polar bear (Lair:3)
  A silent spectre (Tar:5)
  A wind drake (shapeshifter) (Elf:3)
  Grinder (D:4)
  12 culicivora zombies
  7 trolls
  37 merfolk
  4 hornets
  6 dream sheep (Lair:5)
  A harpy skeleton (Crypt:3)
  4 raiju
  19 tarantellas
  6 tarantella zombies (Spider:3)
  A stone giant simulacrum (Hell)
  12 blink frogs
  84 slime creatures
  A fire dragon zombie (Crypt:3)
  A meliai zombie (D:10)
  3 snapping turtles (Shoals:4)
  A spectral black mamba (Tar:1)
  5 flying skulls (Crypt:2)
  An ice dragon skeleton (Crypt:3)
  28 jumping spiders
  2 spriggan skeletons (Depths:1)
  A fire giant simulacrum (Depths:2)
  Sigmund (D:6)
  18 culicivoras
  5 shadows
  3 air elementals
  3 black mamba zombies
  An ettin skeleton (Crypt:3)
  10 water elementals
  3 ynoxinuls
  7 fire dragon skeletons (Crypt:3)
  4 spriggans
  A wind drake zombie (Crypt:1)
  18 wraiths
  2 vampires (Crypt:3)
  11 fire elementals
  38 yaks
  6 basilisks
  4 fire bats
  3 wyverns
  2 naga simulacra (Hell)
  9 golden eyes
  2 steam dragons (Lair:5)
  16 humans
  Grum (D:11)
  A hog (Depths:1)
  72 redbacks
  13 vampire mosquitoes
  5 large abominations
  3 chaos spawn (Abyss:2)
  2 neqoxecs
  2 spatial vortices (Depths:1)
  3 wargs
  A harpy simulacrum (Hell)
  An acid dragon (D:13)
  10 water moccasins
  5 hell hounds (Volcano)
  A sky beast (D:8)
  A naga skeleton (Hell)
  4 ice beasts
  4 ettin simulacra
  A faun skeleton (Crypt:1)
  2 glowing shapeshifter skeletons (Vaults:3)
  50 orc warriors
  2 spriggan simulacra
  5 black bears
  21 wolves
  A wolf (shapeshifter) (Vaults:5)
  3 ogres (Orc:1)
  A blink frog zombie (Crypt:2)
  3 boggarts (Vaults:4)
  A swamp dragon skeleton (Crypt:2)
  A phantom (D:5)
  17 centaurs
  3 kobold brigands
  A yaktaur zombie (Crypt:1)
  A hog skeleton (Crypt:1)
  5 bullfrogs
  6 necrophages
  3 scorpions
  6 earth elementals
  3 human skeletons (Vaults:3)
  A wight (D:10)
  3 killer bees (D:11)
  A vampire bat (Depths:1)
  13 electric eels
  3 howler monkeys
  A raiju skeleton (Crypt:2)
  A lava snake (Depths:1)
  A wolf zombie (Crypt:2)
  A human zombie (D:10)
  A quasit (Abyss:3)
  10 hounds
  A jelly (D:3)
  23 orc priests
  A gnoll bouda (D:10)
  5 iguanas
  21 orc wizards
  10 hell rats
  An acid dragon skeleton (Crypt:2)
  3 small abominations
  A tengu zombie (Crypt:1)
  A mummy (D:10)
  A howler monkey zombie (D:10)
  11 gnolls
  13 adders
  6 river rats (Sewer)
  5 white imps
  An ufetubus (D:5)
  A worm (shapeshifter) (D:15)
  6 worms
  4 dart slugs
  96 orcs
  10 ball pythons
  12 bats
  10 endoplasms
  10 giant cockroaches
  4 hobgoblins
  9 jackals
  6 quokkas
  3 frilled lizards
  A gnoll skeleton (Crypt:1)
  4 goblins
  2 hobgoblin skeletons (Crypt:1)
  A jackal zombie (Crypt:2)
  16 kobolds
  A quokka zombie (Crypt:2)
  5 rats
  A rat zombie (Crypt:2)
  A lurking horror (Abyss:2)
  8 starspawn tentacles
  5 tentacles
2534 creatures vanquished.

Vanquished Creatures (collateral kills)
  A profane servitor (Tar:6)
  A bone dragon (Tar:7)
  A doom hound (Tar:6)
  2 Tzitzimimeh (Tar:6)
  2 tainted leviathans
  A reaper (Tar:6)
  A green draconian (Tar:7)
  A stone giant (Tar:7)
  A putrid mouth (Tar:5)
  A shadow wraith (Tar:5)
  A deep elf pyromancer (Tar:7)
  A tormentor (Tar:6)
14 creatures vanquished.

Vanquished Creatures (others)
  Margery (Depths:4)
  A golden dragon (Depths:4)
  Nikola (Vaults:1)
  A bone dragon (Abyss:4)
  A doom hound (Depths:1)
  3 Tzitzimimeh
  A Brimstone Fiend (Depths:4)
  2 titans
  A deep elf blademaster (Elf:2)
  Murray (Hell)
  An Executioner (Abyss:2)
  A fire giant (Crypt:2)
  An emperor scorpion (Spider:4)
  2 frost giants (Vaults:5)
  An iron dragon (Elf:1)
  A deep elf sorcerer (Elf:3)
  A spriggan defender (Depths:4)
  An ironbound preserver (Vaults:3)
  A reaper (Tar:5)
  3 war gargoyles
  A stone giant (Vaults:5)
  A very ugly thing (Depths:3)
  A putrid mouth (Hell)
  A broodmother (Spider:3)
  An entropy weaver (Spider:4)
  A dire elephant (Vaults:4)
  A deep elf annihilator (Elf:3)
  A spark wasp (Spider:3)
  A wendigo (Hell)
  A deep elf death mage (Elf:1)
  An ettin (Orc:1)
  A merfolk impaler (Shoals:2)
  2 great orbs of eyes
  A hydra (Lair:3)
  A vault guard (Vaults:1)
  A boulder beetle (Spider:4)
  A spriggan air mage (Depths:1)
  A jorogumo (Spider:4)
  A deep troll earth mage (Depths:2)
  2 ironbound frosthearts
  3 deep elf knights
  A pharaoh ant (Spider:3)
  An iron troll (Depths:1)
  2 flayed ghosts (Crypt:2)
  A sea snake (Shoals:3)
  2 deep trolls (Vaults:1)
  An orc knight (Vaults:4)
  3 harpies
  3 deep elf zephyrmancers
  A deep elf archer (Volcano)
  A wolf spider (Spider:4)
  3 deep elf pyromancers
  2 manticores
  A draconian (Abyss:5)
  A cyclops (D:11)
  2 elephants
  A rust devil (Depths:1)
  A smoke demon (Hell)
  A water nymph (Shoals:4)
  A storm dragon simulacrum (Depths:2)
  3 cane toads
  A demonic crawler (Spider:4)
  A hellion (Depths:4)
  A tormentor (Abyss:5)
  A troll (D:11)
  2 merfolk
  A meliai (Spider:4)
  A wind drake (Shoals:2)
  A tarantella (Spider:2)
  2 snapping turtles
  3 yaks
  A vampire (D:12)
  A vampire mosquito (D:13)
  A golden eye (Slime:3)
  3 redbacks
  A hell hound (Volcano)
  3 orc warriors
  A black bear (Lair:3)
  A starcursed mass (Abyss:3)
  An ettin simulacrum (Hell)
  A wolf (Lair:2)
  2 orc priests (Orc:2)
  A white imp (Depths:4)
  An ufetubus (D:7)
  2 orcs
  A demonic plant (Abyss:5)
  26 fungi
  A lurking horror (Abyss:5)
  100 plants
  7 starspawn tentacles
  9 tentacles
  16 withered plants
277 creatures vanquished.

Grand Total: 2825 creatures vanquished

Notes
Turn   | Place    | Note
-------+----------+-------------------------------------------
     0 | D:1      | nono the Palentonga Fighter began the quest for the Orb.
     0 | D:1      | Reached XP level 1. HP: 19/19 MP: 1/1
   134 | D:1      | Reached XP level 2. HP: 22/25 MP: 2/2
   920 | D:1      | Reached XP level 3. HP: 29/31 MP: 3/3
  1646 | D:2      | Identified the +5 rapier of Myituir {vorpal, rN+++ Str+3
                  | Dex-5 SInv}
  1909 | D:2      | Reached XP level 4. HP: 35/39 MP: 4/4
  2126 | D:3      | Found a stormy altar of Qazlal.
  2508 | D:3      | Reached XP level 5. HP: 42/44 MP: 5/5
  2594 | D:3      | Found a faded altar of an unknown god.
  2881 | D:3      | Found a glowing golden altar of the Shining One.
  3007 | D:4      | Reached skill level 4 in Fighting
  3056 | D:4      | Noticed a black bear
  3066 | D:4      | Killed a black bear
  3067 | D:4      | Reached XP level 6. HP: 52/52 MP: 6/6
  3467 | D:4      | Found a sparkling altar of Nemelex Xobeh.
  3545 | D:4      | Noticed Grinder
  3554 | D:4      | Paralysed by Grinder for 5 turns
  3563 | D:4      | Paralysed by Grinder for 2 turns
  3574 | D:4      | Killed Grinder
  3575 | D:4      | Gained mutation: You curl defensively after being hit. (AC
                  | +7*) [Palentonga growth]
  3575 | D:4      | Reached XP level 7. HP: 46/58 MP: 7/7
  3673 | D:4      | Reached skill level 5 in Fighting
  3979 | D:5      | Entered Level 5 of the Dungeon
  4009 | D:5      | Found a basalt altar of Yredelemnul.
  4382 | D:5      | Reached skill level 5 in Maces & Flails
  4382 | D:5      | Reached skill level 5 in Shields
  4382 | D:5      | Reached XP level 8. HP: 60/67 MP: 8/8
  4977 | D:6      | Found Metel's General Store.
  5008 | D:6      | Found Imeffutu's Jewellery Emporium.
  5019 | D:6      | Reached skill level 6 in Fighting
  5038 | D:6      | Found a snail-covered altar of Cheibriados.
  5116 | D:6      | Found Hipnair's Antique Armour Emporium.
  5134 | D:6      | Noticed Sigmund
  5145 | D:6      | Killed Sigmund
  5146 | D:6      | Reached skill level 5 in Armour
  5251 | D:6      | Found Coot's Magic Scroll Shop.
  5412 | D:6      | Found a glowing drain.
  5443 | Sewer    | Entered a sewer
  6282 | D:7      | Reached XP level 9. HP: 25/75 MP: 9/9
  6640 | D:7      | Reached skill level 7 in Fighting
  6734 | D:7      | Found a hide-covered altar of Uskayaw.
  6903 | D:7      | Found a staircase to the Ecumenical Temple.
  6912 | Temple   | Entered the Ecumenical Temple
  7158 | D:7      | Found Moirofal's Overcharged Wands.
  7478 | D:8      | Noticed a two-headed ogre
  8089 | D:8      | Noticed a troll
  8101 | D:8      | Killed a troll
  8222 | D:9      | Found an iron altar of Okawaru.
  8229 | D:9      | Became a worshipper of Warmaster Okawaru
  8352 | D:9      | Reached XP level 10. HP: 85/85 MP: 10/10
  8437 | D:9      | Reached skill level 1 in Invocations
  8687 | D:9      | Found a shadowy altar of Dithmenos.
  8688 | D:9      | Found a hazy altar of Hepliaklqana.
  8822 | D:8      | Killed a two-headed ogre
  8822 | D:8      | Reached * piety under Okawaru
  8823 | D:8      | Reached skill level 8 in Fighting
  9073 | D:8      | Noticed a green ugly thing
  9113 | D:8      | Killed a green ugly thing
  9113 | D:8      | Reached ** piety under Okawaru
  9312 | D:8      | Found a bloodstained altar of Trog.
  9392 | D:9      | Found a transporter.
  9396 | D:9      | Found a transporter.
  9547 | D:9      | Found a transporter.
  9548 | D:9      | Found a transporter.
  9558 | D:9      | Found a transporter.
  9565 | D:9      | Found a transporter.
 10352 | D:10     | Entered Level 10 of the Dungeon
 10680 | D:10     | Found an ancient bone altar of Kikubaaqudgha.
 10748 | D:10     | Reached *** piety under Okawaru
 10779 | D:10     | Reached XP level 11. HP: 71/93 MP: 14/14
 10896 | D:10     | Found an ornate altar of the Wu Jian Council.
 10987 | D:10     | Noticed a soul eater
 10990 | D:10     | Noticed a sixfirhy
 10994 | D:10     | Noticed a sixfirhy
 10997 | D:10     | HP: 4/93 [soul eater[a kobold demonologist] (7)]
 10997 | D:10     | HP: 1/93 [kobold demonologist/staff of conjuration (3)]
 11080 | D:10     | Identified a scroll of acquirement
 11082 | D:10     | Acquired the +8 trishula "Condemnation" {holy, anguish,
                  | *Noise Fly rN+}
 11082 | D:10     | Found the +8 trishula "Condemnation" {holy, anguish, *Noise
                  | Fly rN+}
 11142 | D:10     | Reached skill level 1 in Polearms
 11364 | D:10     | Found a sacrificial altar of Ru.
 11371 | D:10     | Noticed Erolcha
 11395 | D:10     | Killed Erolcha
 11395 | D:10     | Reached **** piety under Okawaru
 11706 | D:11     | Noticed Urug
 11713 | D:11     | Killed Urug
 11811 | D:11     | Reached skill level 5 in Polearms
 11858 | D:11     | Found a staircase to the Lair.
 11895 | D:11     | Noticed Grum
 11900 | D:11     | Killed Grum
 11923 | D:11     | Noticed a brown ugly thing
 11923 | D:11     | Noticed a two-headed ogre
 11930 | D:11     | Killed a two-headed ogre
 11938 | D:11     | Killed a brown ugly thing
 12083 | D:11     | Noticed a two-headed ogre
 12090 | D:11     | Killed a two-headed ogre
 12090 | D:11     | Reached ***** piety under Okawaru
 12491 | D:11     | Identified the +0 pair of gloves of the Northern Lights
                  | {Will+ Str+3 Stlth-} (Okawaru gifted it to you on level 11
                  | of the Dungeon)
 12491 | D:11     | Received a gift from Okawaru
 12725 | D:11     | Found a staircase to the Orcish Mines.
 12866 | Orc:1    | Entered Level 1 of the Orcish Mines
 13071 | D:6      | Bought a scroll of acquirement for 572 gold pieces
 13071 | D:6      | Acquired 810 gold pieces
 13083 | D:6      | Bought a scroll of blinking for 97 gold pieces
 13122 | D:6      | Bought an encrusted cloak for 228 gold pieces
 13122 | D:6      | Identified the +1 cloak "Huxohal" {rC+ Str-4 Int+8 Stlth+}
                  | (You bought it in a shop on level 6 of the Dungeon)
 13251 | D:12     | Reached skill level 1 in Dodging
 13400 | D:12     | Reached XP level 12. HP: 100/100 MP: 15/15
 13824 | D:12     | Noticed a seven-headed hydra
 13828 | D:12     | Killed a seven-headed hydra
 14162 | Lair:1   | Entered Level 1 of the Lair of Beasts
 14331 | Lair:1   | Reached skill level 5 in Dodging
 14351 | Lair:1   | Identified the +3 ring mail of the Slimy Cuttlefish {rF+
                  | Dex+2}
 14461 | Lair:1   | Found a runed translucent gate.
 14461 | Lair:1   | Found a runed translucent gate.
 14463 | Lair:1   | Found a runed translucent gate.
 14466 | Lair:1   | Noticed NigelTetley's ghost (journeyman TrFi)
 14466 | Lair:1   | Noticed Jaydwuh's ghost (novice MiBe)
 14955 | Lair:2   | Noticed gabibbone's ghost (journeyman HuEE)
 14961 | Lair:2   | Found a runed translucent door.
 15075 | Lair:2   | Reached skill level 9 in Fighting
 15207 | Lair:2   | Found a dark tunnel.
 15217 | Volcano  | Entered a volcano
 15238 | Volcano  | Identified the +0 barding "Vacu" {rF+++ Stlth-} (Okawaru
                  | gifted it to you in a volcano)
 15238 | Volcano  | Received a gift from Okawaru
 15296 | Volcano  | Reached skill level 5 in Invocations
 15381 | Volcano  | Reached XP level 13. HP: 92/108 MP: 17/17
 16044 | Lair:2   | Killed gabibbone's ghost
 16081 | Lair:3   | Found a staircase to the Shoals.
 16149 | Lair:3   | Received a gift from Okawaru
 16194 | Lair:3   | Noticed Nergalle
 16215 | Lair:3   | Reached skill level 10 in Fighting
 16236 | Lair:3   | Killed Nergalle
 16475 | Lair:3   | Found a hole to the Spider Nest.
 17008 | Lair:4   | Found a staircase to the Slime Pits.
 17008 | Lair:4   | Found a viscous altar of Jiyva.
 17033 | Lair:4   | Reached ****** piety under Okawaru
 17082 | Lair:4   | Identified the +3 barding "Seunobb" {rElec Stlth+} (Okawaru
                  | gifted it to you on level 4 of the Lair of Beasts)
 17082 | Lair:4   | Received a gift from Okawaru
 17110 | Lair:4   | Gained mutation: You are partially covered in large bone
                  | plates. (SH +4) [potion of mutation]
 17121 | Lair:4   | Reached skill level 10 in Polearms
 17354 | Lair:4   | Reached XP level 14. HP: 118/118 MP: 17/19
 17679 | Lair:5   | Entered Level 5 of the Lair of Beasts
 17766 | Lair:5   | Reached skill level 10 in Shields
 18095 | Lair:5   | Reached skill level 11 in Fighting
 18181 | Lair:5   | Received a gift from Okawaru
 18441 | Lair:5   | Identified the +9 flail "Kyuff" {antimagic, +Blink rF+ rC+}
 18630 | Lair:5   | Found the ring of the Octopus King
 18647 | Lair:5   | Identified a ring of the Octopus King {HP+2 AC+2 EV+2 SH+2
                  | SInv}
 18667 | Lair:5   | Identified the +8 falchion "Gain" {vorpal, Str+4 Int+4
                  | Dex+4}
 19264 | Abyss:2  | Cast into level 2 of the Abyss (a wizard)
 19367 | Abyss:2  | Noticed a red very ugly thing
 19377 | Abyss:2  | Killed a red very ugly thing
 19402 | Abyss:2  | Noticed a starcursed mass
 19422 | Abyss:2  | Killed a starcursed mass
 19446 | Abyss:2  | Noticed a tentacled starspawn
 19455 | Abyss:2  | Killed a tentacled starspawn
 19455 | Abyss:2  | Identified the +7 sling of Magnificence {venom, Int+4}
                  | (Okawaru gifted it to you on level 2 of the Abyss)
 19455 | Abyss:2  | Received a gift from Okawaru
 19562 | Abyss:2  | Noticed a lich
 19574 | Abyss:2  | Killed a lich
 19579 | D:13     | Escaped the Abyss
 19588 | D:14     | Reached XP level 15. HP: 128/128 MP: 22/22
 19605 | D:14     | Identified the +4 scimitar "Linetil" {pain, Str+3 SInv
                  | Stlth+}
 19650 | D:14     | Reached skill level 10 in Armour
 19812 | D:13     | Identified the +1 eveningstar "Houdaq" {venom, rC++ Int+2
                  | SInv} (Okawaru gifted it to you on level 13 of the Dungeon)
 19812 | D:13     | Received a gift from Okawaru
 19870 | D:13     | Reached skill level 12 in Fighting
 19901 | D:13     | Found a gate to the Vaults.
 20149 | D:13     | Identified the amulet "Gaoch" {Spirit rPois rN+ Str+3
                  | Stlth-}
 20227 | D:13     | Reached skill level 10 in Invocations
 20977 | D:14     | Found a blossoming altar of Fedhas.
 21108 | D:14     | Noticed Snorg
 21116 | D:14     | Killed Snorg
 21336 | D:14     | Received a gift from Okawaru
 21830 | D:15     | Entered Level 15 of the Dungeon
 22069 | D:15     | Paralysed by a great orb of eyes for 5 turns
 22394 | D:15     | Received a gift from Okawaru
 22394 | D:15     | Found the +10 Black Knight's barding {ponderous, rPois rN+}
 22475 | D:15     | Found Bahoamet's Antique Weapon Emporium.
 22597 | D:15     | Found a staircase to the Depths.
 22764 | Shoals:1 | Entered Level 1 of the Shoals
 22897 | Abyss:2  | Cast into level 2 of the Abyss (merfolk impaler)
 22990 | Abyss:2  | Noticed an Executioner
 23002 | Abyss:2  | Killed an Executioner
 23047 | Shoals:1 | Escaped the Abyss
 23095 | Shoals:1 | Reached XP level 16. HP: 49/138 MP: 21/23
 23232 | Shoals:1 | Noticed a kraken
 23262 | Shoals:1 | Killed a kraken
 23624 | Shoals:1 | Reached skill level 13 in Fighting
 23900 | Shoals:1 | Found a hide-covered altar of Uskayaw.
 24181 | Shoals:2 | Noticed Frances
 24195 | Shoals:2 | Killed Frances
 24372 | Shoals:2 | Identified the +1 cloak of Words of Power {rF+ Int+4}
                  | (Okawaru gifted it to you on level 2 of the Shoals)
 24372 | Shoals:2 | Received a gift from Okawaru
 25279 | Shoals:3 | Identified the +1 ring mail "Vinul" {Fly rN+ Str+4}
 25355 | Shoals:3 | Found Xocwofik's Armour Shoppe.
 25369 | Shoals:3 | Noticed a kraken
 25386 | Shoals:3 | Killed a kraken
 26129 | Shoals:4 | Entered Level 4 of the Shoals
 26130 | Shoals:4 | Noticed Aizul
 26148 | Shoals:4 | Killed Aizul
 26345 | Shoals:4 | Got the Incunabulum of Confrontation and Breath
 26434 | Shoals:4 | Identified the +4 scale mail of the Moon {rF++ Dex-5}
                  | (Okawaru gifted it to you on level 4 of the Shoals)
 26434 | Shoals:4 | Received a gift from Okawaru
 26785 | Shoals:4 | Reached XP level 17. HP: 147/147 MP: 24/24
 26835 | Shoals:4 | Identified the ring "Gos Muk" {Wiz rPois rF- Will- Slay+4}
 26911 | Shoals:4 | Identified the ring of Onas {rPois rC+ Will+ Stlth+}
 27026 | Shoals:4 | Identified the +1 gold dragon scales of Woecirig {rPois rF+
                  | rC+ rCorr Int+7 Dex+8 Stlth-}
 27322 | Shoals:4 | Got a barnacled rune of Zot
 27626 | Shoals:4 | Got the Catalogue of Shifting and Incandescence
 27787 | Orc:1    | Reached skill level 14 in Fighting
 27863 | Orc:2    | Entered Level 2 of the Orcish Mines
 28398 | Orc:2    | Found a staircase to the Elven Halls.
 28522 | Orc:2    | Found Buyru's General Store.
 28535 | Orc:2    | Found Bumusuej's Distillery.
 28623 | Orc:2    | Bought 2 potions of heal wounds for 140 gold pieces
 28945 | Orc:1    | Identified the +2 chain mail of Grace {rN+} (Okawaru gifted
                  | it to you on level 1 of the Orcish Mines)
 28945 | Orc:1    | Received a gift from Okawaru
 29464 | Orc:2    | Found Sudeonwetwu's Antique Armour Emporium.
 29464 | Orc:2    | Found Robes's Book Shoppe.
 29465 | Orc:2    | Found a one-way gate leading to the halls of Pandemonium.
 29715 | Orc:2    | Bought a potion of berserk rage for 70 gold pieces
 29940 | D:6      | Bought a scroll of enchant armour for 97 gold pieces
 29940 | D:6      | Bought a scroll of enchant armour for 97 gold pieces
 30172 | Spider:1 | Entered Level 1 of the Spider Nest
 30722 | Spider:1 | Noticed Rupert
 30769 | Spider:1 | Killed Rupert
 31509 | Spider:2 | Found a transporter.
 31511 | Spider:2 | Noticed QuickerDeath's ghost (adept HuIE)
 31518 | Spider:2 | Noticed Agnes
 31576 | Spider:3 | Received a gift from Okawaru
 31999 | Spider:2 | Killed Agnes
 32205 | Spider:2 | Found a transporter.
 32269 | Spider:2 | Identified the +3 helmet of Beucvaij {Int+4}
 32293 | Spider:2 | Killed QuickerDeath's ghost
 32445 | Spider:2 | Reached skill level 15 in Fighting
 32450 | Spider:2 | Reached XP level 18. HP: 140/159 MP: 25/25
 32522 | Spider:2 | Identified the +11 spear "Impslayer" {venom, Str+4}
 32972 | Spider:4 | Entered Level 4 of the Spider Nest
 33151 | Spider:4 | Identified the +4 barding of Pampid {rElec Int-4 Dex+4}
                  | (Okawaru gifted it to you on level 4 of the Spider Nest)
 33151 | Spider:4 | Received a gift from Okawaru
 33553 | Spider:4 | Noticed Arachne
 33604 | Spider:4 | Killed Arachne
 34280 | Spider:4 | Got a gossamer rune of Zot
 34767 | Lair:1   | Killed NigelTetley's ghost
 34771 | Lair:1   | Killed Jaydwuh's ghost
 34799 | Lair:1   | Identified the +2 leather armour of Lilacs {rN+ Int+4}
 34908 | Vaults:1 | Entered Level 1 of the Vaults
 34972 | Vaults:1 | Received a gift from Okawaru
 35027 | Vaults:1 | Noticed Nikola
 35050 | Vaults:1 | Killed Nikola
 35067 | Vaults:1 | Reached skill level 16 in Fighting
 35098 | Vaults:1 | Reached skill level 15 in Polearms
 35259 | Vaults:1 | Reached XP level 19. HP: 126/167 MP: 23/26
 35747 | Vaults:1 | Reached skill level 15 in Shields
 35860 | Vaults:1 | Found the +5 glaive of the Guard {elec, spectral, AC+5}
 36426 | Vaults:2 | Acquired the ring "Plog" {rElec rF+ rCorr}
 36745 | Vaults:2 | Noticed Frederick
 36745 | Vaults:2 | Noticed Sojobo
 36747 | Vaults:2 | Paralysed by an air elemental for 1 turns
 36773 | Vaults:2 | Killed Sojobo
 36773 | Vaults:2 | Identified the +5 ring mail of the Louse {rN++ Stlth-}
                  | (Okawaru gifted it to you on level 2 of the Vaults)
 36773 | Vaults:2 | Received a gift from Okawaru
 36787 | Vaults:2 | Killed Frederick
 37888 | Vaults:3 | Found a staircase to the Crypt.
 38043 | Vaults:3 | Reached skill level 17 in Fighting
 38262 | Vaults:3 | Noticed an ancient lich
 38272 | Vaults:3 | Killed an ancient lich
 38392 | Vaults:3 | Identified the +4 barding "Geesk" {Harm} (Okawaru gifted it
                  | to you on level 3 of the Vaults)
 38392 | Vaults:3 | Received a gift from Okawaru
 38393 | Vaults:3 | Reached XP level 20. HP: 179/179 MP: 27/27
 38665 | Vaults:3 | Found Wuphyom's Jewellery Shop.
 39616 | Vaults:4 | Reached skill level 15 in Armour
 40599 | Elf:1    | Entered Level 1 of the Elven Halls
 40716 | Elf:1    | Identified the +1 barding of Starshine {Harm rPois rN+}
                  | (Okawaru gifted it to you on level 1 of the Elven Halls)
 40716 | Elf:1    | Received a gift from Okawaru
 41687 | Elf:1    | Found a runed translucent gate.
 41687 | Elf:1    | Found a runed translucent gate.
 41687 | Elf:1    | Found a runed translucent gate.
 41687 | Elf:1    | Found a runed translucent gate.
 41687 | Elf:1    | Found a runed translucent gate.
 41699 | Elf:1    | Found a runed translucent gate.
 41731 | Elf:1    | Reached skill level 18 in Fighting
 42346 | Elf:2    | Paralysed by an air elemental for 1 turns
 42366 | Elf:2    | Identified the +0 barding "Xeentod" {rElec Stlth+} (Okawaru
                  | gifted it to you on level 2 of the Elven Halls)
 42366 | Elf:2    | Received a gift from Okawaru
 42367 | Elf:2    | Gained mutation: You occasionally shout uncontrollably at
                  | your foes. [a neqoxec]
 42405 | Elf:2    | Identified the +0 chain mail of Cloud Cover {rPois Will+
                  | Int-2}
 42569 | Elf:2    | Found Fiekyot's Jewellery Shop.
 42660 | Elf:2    | Reached XP level 21. HP: 189/189 MP: 28/28
 42681 | Elf:2    | Found a runed translucent gate.
 42681 | Elf:2    | Found a runed translucent gate.
 42683 | Elf:2    | Found a runed translucent gate.
 42706 | Abyss:3  | Cast into level 3 of the Abyss (+4 glaive of distortion)
 42724 | Abyss:3  | Found a bloodstained altar of Trog.
 42889 | Abyss:4  | Found a corrupted altar of Lugonu.
 43023 | Abyss:5  | Paralysed by accursed screaming for 1 turns
 43034 | Abyss:5  | Paralysed by accursed screaming for 2 turns
 43081 | Abyss:5  | Found a transporter.
 43181 | Abyss:5  | Got an abyssal rune of Zot
 43309 | Elf:2    | Escaped the Abyss
 43774 | Elf:3    | Entered Level 3 of the Elven Halls
 43896 | Elf:3    | Received a gift from Okawaru
 43981 | Elf:3    | Identified the +11 spear "Fuagas" {drain, rF+ SInv}
 44248 | Elf:3    | Found Huitub's Firing Range.
 44256 | Elf:3    | Bought a throwing net for 48 gold pieces
 44256 | Elf:3    | Bought a throwing net for 48 gold pieces
 44295 | Elf:3    | Identified the ring of Beogh's Anger {rElec rN+ rCorr MP-9
                  | SInv}
 44672 | Elf:3    | Reached skill level 19 in Fighting
 44690 | Elf:3    | Identified the +9 plate armour of the Little Devil {rF++
                  | Str+2 Int-4}
 44714 | Elf:3    | Received a gift from Okawaru
 44743 | Elf:3    | Identified the +8 spear "Duennoap" {speed, rF+ rN+ Str-3
                  | SInv}
 44833 | Elf:3    | Identified the +0 pair of boots "Trusted Companion" {-Cast
                  | rElec rN+ Dex+9}
 44846 | Elf:3    | Got Kukailof's Discourse on Dislocated Fascination
 44914 | Elf:3    | Identified the +2 short sword of Hospitality {freeze,
                  | Int+2}
 44917 | Elf:3    | Identified the +1 scale mail "Gofimaot" {-Tele rElec Str+5
                  | Dex+3}
 45414 | Depths:1 | Entered Level 1 of the Depths
 45414 | Depths:1 | Found a one-way gate to the infinite horrors of the Abyss.
 45709 | Depths:1 | Received a gift from Okawaru
 45765 | Depths:1 | Reached XP level 22. HP: 201/201 MP: 27/29
 45800 | Depths:1 | Got Ynkeoleg's Codex of Fascination
 45832 | Depths:1 | Found a runed translucent door.
 45891 | Depths:1 | Identified the +12 mace of the Shining Light {flame,
                  | Stlth+}
 46091 | Depths:1 | Found a one-way gateway to a ziggurat.
 46128 | Depths:1 | Noticed Mara
 46134 | Depths:1 | Killed Mara
 46219 | Depths:1 | Got the Guide on the Compass
 46337 | Depths:1 | Got the Guidebook on Transmigration
 46474 | Depths:1 | Got the Essays on the Inferno
 46598 | Depths:1 | Received a gift from Okawaru
 46607 | Depths:1 | Found a gateway to Hell.
 46683 | Depths:1 | Found Qoofez's Magic Scroll Emporium.
 46688 | Depths:1 | Bought a scroll of acquirement for 884 gold pieces
 46688 | Depths:1 | Bought a scroll of enchant armour for 127 gold pieces
 46688 | Depths:1 | Bought a scroll of fear for 68 gold pieces
 46688 | Depths:1 | Bought a scroll of teleportation for 51 gold pieces
 46688 | Depths:1 | Bought a scroll of magic mapping for 127 gold pieces
 46690 | Depths:1 | Acquired 879 gold pieces
 46706 | Depths:1 | Found Netavy's Tremendous Tomes.
 46808 | Depths:1 | Got the Octavo of Excavation
 47031 | Depths:2 | You are sucked into a shaft and drop 2 floors!
 47031 | Depths:4 | Entered Level 4 of the Depths
 47123 | Depths:4 | Noticed the Enchantress
 47173 | Depths:4 | Killed the Enchantress
 47181 | Depths:4 | Received a gift from Okawaru
 47463 | Depths:2 | Identified the ring "Jaxes" {Ice rElec Int+3 Dex-3 Slay+5}
 47463 | Depths:2 | Noticed Josephina
 47474 | Depths:2 | Killed Josephina
 48362 | Depths:2 | Reached skill level 20 in Fighting
 49153 | Depths:3 | Noticed Boris
 49164 | Depths:3 | Killed Boris
 49165 | Depths:3 | Reached XP level 23. HP: 201/209 MP: 30/30
 49316 | Depths:3 | Found a corrupted altar of Lugonu.
 49804 | Depths:4 | Found Poihumel's Armour Shoppe.
 50190 | Depths:4 | Received a gift from Okawaru
 50674 | Depths:4 | Identified the +9 scimitar of the Bashing Dove {elec,
                  | Str+6}
 50700 | Depths:4 | Identified the +7 falchion "Dragonslayer" {drain, rN+}
 51002 | Depths:4 | Noticed Margery
 51017 | Depths:4 | Killed Margery
 51036 | Depths:4 | Identified the +3 demon trident of Wyrd {venom, Will+}
                  | (Okawaru gifted it to you on level 4 of the Depths)
 51036 | Depths:4 | Received a gift from Okawaru
 51255 | Depths:4 | Found a gate to the Realm of Zot.
 52249 | Vaults:5 | Entered Level 5 of the Vaults
 52255 | Vaults:5 | Received a gift from Okawaru
 52379 | Vaults:5 | Noticed Jory
 52393 | Vaults:5 | Killed Jory
 52442 | Vaults:5 | Reached XP level 24. HP: 205/220 MP: 32/32
 52537 | Vaults:5 | Reached skill level 21 in Fighting
 52678 | Vaults:5 | Received a gift from Okawaru
 52678 | Vaults:5 | Found the +8 lance "Wyrmbane" {slay drac, rPois rF+ rC+
                  | AC+3}
 52897 | Vaults:5 | Noticed an ancient lich
 52907 | Vaults:5 | Killed an ancient lich
 53051 | Vaults:5 | Identified the +2 pair of gloves of Hopscotch {Harm rPois
                  | Dex-4 SInv} (Okawaru gifted it to you on level 5 of the
                  | Vaults)
 53051 | Vaults:5 | Received a gift from Okawaru
 53313 | Vaults:5 | Got the Writings on Transposed Clouds
 53376 | Vaults:5 | Noticed an ancient lich
 53381 | Vaults:5 | Killed an ancient lich
 53822 | Vaults:5 | Got a silver rune of Zot
 54344 | Slime:1  | Entered Level 1 of the Pits of Slime
 54763 | Slime:5  | Entered Level 5 of the Pits of Slime
 55002 | Slime:5  | Noticed the Royal Jelly
 55280 | Arena    | Entered the Arena
 55281 | Arena    | Killed the Royal Jelly
 55281 | Arena    | Identified the +2 tower shield "Jezojoenn" {rElec Str+4}
                  | (Okawaru gifted it to you in the Arena)
 55281 | Arena    | Received a gift from Okawaru
 55509 | Slime:5  | Got a slimy rune of Zot
 55519 | Slime:5  | Found the amulet of Elemental Vulnerability {rPois rF--
                  | rC-- AC+8}
 55527 | Slime:5  | Got Nacinew's Directory of Heat and Superposition
 55595 | Slime:5  | Gained mutation: You occasionally lose the ability to drink
                  | potions when taking damage. [a shining eye]
 55599 | Slime:5  | Lost mutation: You occasionally lose the ability to drink
                  | potions when taking damage. [potion of mutation]
 55599 | Slime:5  | Lost mutation: You occasionally shout uncontrollably at
                  | your foes. [potion of mutation]
 55599 | Slime:5  | Gained mutation: Your spells are a little harder to cast,
                  | but a little more powerful. [potion of mutation]
 55599 | Slime:5  | Gained mutation: You have a somewhat thin skeletal
                  | structure. (Dex +2, Stealth+) [potion of mutation]
 55717 | Slime:5  | Reached skill level 1 in Staves
 56058 | Hell     | Entered the Vestibule of Hell
 56061 | Hell     | Noticed Geryon
 56083 | Hell     | Killed Geryon
 56086 | Hell     | Reached XP level 25. HP: 219/231 MP: 28/33
 56094 | Hell     | Reached skill level 5 in Staves
 56112 | Hell     | Noticed Murray
 57015 | D:3      | Fell from the grace of Okawaru
 57015 | D:3      | Became a worshipper of the Shining One
 57378 | Crypt:1  | Entered Level 1 of the Crypt
 57435 | Crypt:1  | You are sucked into a shaft and drop 1 floor!
 57435 | Crypt:2  | Reached * piety under the Shining One
 57525 | Crypt:2  | Reached ** piety under the Shining One
 57762 | Crypt:1  | Reached *** piety under the Shining One
 57832 | Crypt:1  | Identified the +0 robe of Spring {rCorr Slay+5 SInv Stlth-}
 58210 | Crypt:2  | Reached **** piety under the Shining One
 58679 | Crypt:2  | Found a runed translucent door.
 58690 | Crypt:2  | Noticed Duck's ghost (adept GrFi)
 58706 | Crypt:2  | Killed Duck's ghost
 58945 | Crypt:3  | Entered Level 3 of the Crypt
 59017 | Crypt:3  | Reached skill level 22 in Fighting
 59081 | Crypt:3  | Reached ***** piety under the Shining One
 59449 | Crypt:3  | Reached ****** piety under the Shining One
 59543 | Crypt:3  | Found a staircase to the Tomb.
 59751 | Crypt:3  | Found the +6 lightning scales {swift, rElec}
 60113 | Crypt:3  | Found the +7 great mace "Undeadhunter" {disrupt, rN+}
 60173 | Crypt:3  | Noticed a dread lich
 60183 | Crypt:3  | Noticed an ancient lich
 60184 | Crypt:3  | Killed a dread lich
 60185 | Crypt:3  | Reached skill level 15 in Invocations
 60188 | Crypt:3  | Killed an ancient lich
 60189 | Crypt:3  | Found an ancient bone altar of Kikubaaqudgha.
 60223 | Crypt:3  | Noticed an ancient lich
 60228 | Crypt:3  | Killed an ancient lich
 60588 | Crypt:1  | Acquired 778 gold pieces
 61050 | Hell     | Killed Murray
 61271 | Hell     | Found a gateway to the decaying netherworld of Tartarus.
 61396 | Hell     | Found a gateway to the ashen valley of Gehenna.
 61431 | Hell     | Reached XP level 26. HP: 241/241 MP: 34/34
 61568 | Hell     | Found a gateway to the freezing wastes of Cocytus.
 61573 | Hell     | Paralysed by a wendigo for 1 turns
 61692 | Hell     | Found a gateway to the Iron City of Dis.
 61740 | Tar:1    | Entered Level 1 of Tartarus
 62831 | Tar:7    | Entered Level 7 of Tartarus
 62881 | Tar:7    | Reached skill level 23 in Fighting
 62890 | Tar:7    | HP: 9/221 [green draconian/+0 hand axe[the fury of Okawaru]
                  | (11)]
 62896 | Tar:7    | Slain by a reaper

Illustrated notes

Levels and vault maps discovered:
D:1:      nzn_arrival_depleted_hourglass, layout_loops_corners
D:2:      layout_basic
D:3:      wander_river, layout_basic, nicolae_tso_carved_into_rock,
          mainiacjoe_overflow_alcove_1, shapermc_ecumenical_altar_venn
D:4:      layout_basic, mainiacjoe_overflow_six_doors_small,
          nicolae_underground_beach, uniq_grinder
D:5:      layout_basic, nicolae_overflow_crystal_walls
D:6:      layout_basic, slow_altar_2, portal_sewer_entry_f, serial_shops,
          nicolae_diamond_shop, nicolae_shop_trees, kennysheep_mini_moat,
          shop_statue, nicolae_elevator_lobby_plus, uniq_sigmund
D:7:      layout_basic, nicolae_uskayaw_murder_on_the_dancefloor, temple_hall,
          serial_bayou, serial_bayou_lake_a, serial_bayou_shore_b,
          serial_bayou_pond_e, serial_bayou_pond_d, minmay_crystal_room,
          nicolae_shop_overcharged_wands
D:8:      layout_basic, lightli_temple_of_fire, minmay_small_thing
D:9:      layout_basic, mainiacjoe_overflow_small_starburst,
          riverfiend_overflow_shadow_ancestor, serial_nicolae_subway,
          nicolae_sub_station_stone, nicolae_sub_station_metal,
          nicolae_sub_station_crystal
D:10:     layout_loops_corners, nicolae_ru_sacrificial_ziggurat,
          mainiacjoe_overflow_alcove_4, lemuel_mausoleum_altar_kikubaaqudgha,
          uniq_erolcha
D:11:     layout_stronghold, erik_lair_island, orc_0_dummy, minmay_puff,
          uniq_urug, uniq_grum
D:12:     layout_loops_corners
D:13:     layout_grid_maze, grunt_vaults_entry_tiered,
          dreamdust_princess_corridor
D:14:     layout_grid_maze, fedhas_altar_1,
          hangedman_abyss_or_decor_lesser_grid, argonaut_gorgonesque, uniq_snorg
D:15:     gammafunk_enter_depths_forms, layout_cave_pools, serial_shops, shop,
          minivault_23
Temple:   chequers_temple_sunken
Lair:1:   layout_gridlike, gammafunk_ghost_cemetery
Lair:2:   layout_gridlike, nicolae_volcano_entry_two_sided,
          hellmonk_ghost_happy_afterlife
Lair:3:   layout_roguey, elwin_shoals_entry_rocks, spider_nest_entry_webs,
          gammafunk_lair_bear_cave, serial_bayou_shore_b, uniq_nergalle
Lair:4:   layout_misc_corridors, slime_entry_1
Lair:5:   gammafunk_lair_ancient_temple, layout_regular_city,
          nicolae_lair_lindhole
Shoals:1: layout_shoals, lemuel_centaur_altar
Shoals:2: layout_shoals, uniq_frances
Shoals:3: layout_shoals, serial_shops, nicolae_shop_waterfront
Shoals:4: shoals_end_hangedman, layout_shoals, uniq_aizul
Spider:1: layout_spider_delve, uniq_jorgrun, uniq_rupert
Spider:2: layout_spider_delve, gammafunk_ghost_arena,
          nicolae_spider_checkerboard, uniq_agnes
Spider:3: lemuel_spider_zombies
Spider:4: hellmonk_spider_rune_bug_friends, uniq_arachne
Slime:1:  layout_caves
Slime:2:  layout_caves, cheibrodos_slime_lost_civilization_5
Slime:3:  layout_caves
Slime:4:  layout_caves
Slime:5
Orc:1:    cheibrodos_orc_arena, layout_diamond_mine
Orc:2:    pf_orc_diabolical, layout_diamond_mine
Elf:1:    eino_elf_arrival_the_gate, layout_loops_corners, orc_legates,
          minmay_misc_feat_rows
Elf:2:    nicolae_elf_blades_splatter_lattice [nicolae_blade_entry_antechamber],
          layout_geoelf_octagon, serial_shops, nicolae_take_the_stairs
Elf:3:    grunt_elf_hall_asides, layout_geoelf_grid, grunt_ministairs_4,
          hex_large, nicolae_shop_firing_range
Vaults:1: hangedman_vaults_trim, vaults_dpeg_spiral,
          nicolae_vaults_circle_grid_b, v_rooms_1, ontoclasm_vaults_ring_square,
          vaults_dpeg_diagonal, hangedman_vaults_maws, v_alt_pattern_2,
          minmay_guarded_unrand_guard_vaults, nicolae_vaults_little_squares_6,
          nicolae_vaults_little_squares_5, layout_vaults_big_room, uniq_nikola
Vaults:2: v_alt_pattern_3, vaults_mumra_hexcomb, vaults_room_corners,
          ontoclasm_vaults_twist, ontoclasm_vaults_shuriken,
          vaults_room_door_ring, nicolae_vaults_network_barrier, v_misc_23,
          nicolae_vaults_theta, sword_in_stone, vaults_room_fancy_cross,
          ontoclasm_vaults_ring_square, nicolae_vaults_stairing_the_circle,
          layout_vaults_omnibox
Vaults:3: nicolae_vaults_quadrants, nicolae_vaults_specimen_jars,
          minmay_crypt_entry_skeletal_spiral, grunt_vaults_hallway_long,
          vaults_room_hallway, vaults_room_ringed_pool,
          nicolae_vaults_little_squares_3, ontoclasm_vaults_idyll,
          nicolae_vaults_ninety_degrees, nicolae_vaults_what_the_h,
          vaults_room_boxed, hangedman_vaults_stagger, layout_vaults_maze_bifur,
          serial_shops, nicolae_shop_stone
Vaults:4: vaults_room_fancy_cross, vaults_dpeg_cross, v_misc_11, v_rooms_5,
          nicolae_vaults_little_ls, nicolae_vaults_angled_halls,
          vaults_room_corners, vaults_mumra_minichess, layout_vaults_omnigrid
Vaults:5: uniq_jory
Crypt:1:  layout_basic, grunt_crypt_arrival_webbed
Crypt:2:  layout_misc_corridors, gammafunk_ghost_grave,
          nicolae_fountain_basement
Crypt:3:  quadcrypt_mu
Depths:1: layout_gridville, enter_ziggurat_e, abyss_entry, pan_entry,
          serial_shops, nicolae_shop_hallway_plus, serial_hangedman_research,
          hangedman_research_metamorphosis, hangedman_research_probablistics,
          hangedman_research_quantum, hangedman_research_geology,
          hangedman_research_pyrotechnics, hell_entry,
          nicolae_shop_i_like_big_books, minmay_crystal_box, uniq_mara
Depths:2: kennysheep_scales, layout_gridville, pan_entry,
          grunt_hell_entry_dis_old, nicolae_titane, grunt_megastairs_3,
          infiniplex_staircase_river, uniq_josephina
Depths:3: hangedman_elemental_death_ray, layout_gridlike, hell_entry,
          abyss_entry_flame_altar, nicolae_concentric_dashed_squares_wild,
          chequers_serial_rivers_micro_b, kennysheep_cluttered_room, uniq_grunn,
          uniq_boris
Depths:4: lemuel_castle_with_subvaults [lemuel_castle_interior_original],
          layout_gridlike, pf_dread_powers_of_hell, serial_shops,
          nicolae_shop_crystal, pan_entry, minmay_misc_feat_iff,
          minmay_fire_ice_demons, uniq_margery, uniq_enchantress
Hell
Tar:1:    layout_grid_maze
Tar:2:    layout_grid_maze
Tar:3:    layout_cathedral_of_symmetry
Tar:4:    layout_catacombs
Tar:5:    layout_catacombs
Tar:6:    layout_grid_maze
Tar:7:    tar_grunt_cathedral

Skill      XL: |  1  2  3  4  5  6  7  8  9 10 11 12 13 14 15 16 17 18 19 20 21 22 23 24 25 26 |
---------------+-------------------------------------------------------------------------------+-----
Shields        | 3 4 5 6 7 8 9 10 11 12 13 14 15 16 17 18 19 20 21 | 21.3
Armour         | 3 4 5 6 7 8 9 10 11 12 13 14 15 16 17 18 19 | 19.7
Maces & Flails | 3 4 5 6 7 8 |  8.6
Fighting       | 4 5 6 7 8 9 10 11 12 13 15 16 17 18 19 20 21 22 23 | 23.0
Invocations    | 4 5 7 9 10 12 14 15 16 | 16.6
Polearms       | 8 9 10 11 12 13 14 15 16 17 18 19 20 21 | 21.4
Dodging        | 1 7 8 9 |  9.6
Staves         | 4 9 |  9.0

Action                   |  1- 3 |  4- 6 |  7- 9 | 10-12 | 13-15 | 16-18 | 19-21 | 22-24 | 25-27 || total
-------------------------+-------+-------+-------+-------+-------+-------+-------+-------+-------++-------
Melee: Flail             |   125 |       |    54 |   122 |       |       |       |       |       ||   301
       Tailslap          |    14 |    14 |    90 |    93 |   188 |   293 |   392 |   499 |   291 ||  1874
       Dagger            |     7 |   137 |   429 |       |       |       |       |       |       ||   573
       Short sword       |       |       |       |   138 |       |       |       |       |       ||   138
       Trishula          |       |       |       |   389 |  1258 |  2215 |  1977 |  2455 |  1287 ||  9581
Invok: Heroism           |       |       |       |    15 |    33 |    47 |    35 |    43 |     3 ||   176
       Finesse           |       |       |       |       |       |     6 |     5 |    12 |       ||    23
       Duel              |       |       |       |       |       |       |       |     1 |       ||     1
       Divine Shield     |       |       |       |       |       |       |       |       |    16 ||    16
       Cleansing Flame   |       |       |       |       |       |       |       |       |    19 ||    19
       Summon Divine War |       |       |       |       |       |       |       |       |     4 ||     4
 Abil: Rolling Charge    |       |       |       |     1 |       |       |       |     1 |       ||     2
Evoke: Wand              |       |       |     9 |     4 |     1 |     2 |     3 |     3 |       ||    22
  Use: Scroll            |       |       |    10 |    11 |    11 |     3 |     5 |    19 |    10 ||    69
       Potion            |       |       |     1 |     2 |     2 |     3 |     1 |     6 |     7 ||    22
 Stab: Confused          |       |       |       |     1 |       |       |       |       |       ||     1
       Distracted        |       |       |       |       |     1 |       |       |     3 |       ||     4
       Sleeping          |       |       |       |       |       |     1 |       |       |       ||     1
       Invisible         |       |       |       |       |       |     5 |       |       |       ||     5
       Petrified         |       |       |       |       |       |       |       |     5 |       ||     5
Armor: Scale mail        |    77 |    52 |    37 |       |       |       |       |       |       ||   166
       Chain mail        |       |       |   220 |   216 |       |       |       |       |       ||   436
       Ring mail         |       |       |       |    72 |   502 |   187 |       |       |       ||   761
       Gold dragon scale |       |       |       |       |       |   523 |   525 |   957 |   748 ||  2753
Dodge: Dodged            |    54 |    63 |   199 |   288 |   526 |   641 |   257 |   329 |   168 ||  2525
Block: Buckler           |    24 |    21 |   103 |   153 |   372 |       |       |       |       ||   673
       Kite shield       |       |       |       |       |   362 |  2031 |  1290 |  1165 |       ||  4848
       Reflection        |       |       |       |       |    13 |    94 |   123 |    41 |       ||   271
       Tower shield      |       |       |       |       |       |       |       |   627 |  1610 ||  2237

Table legend: (Time is in decaauts)
 A = Elapsed time spent in this place.
 B = Non-inter-level travel time spent in this place.
 C = Inter-level travel time spent in this place.
 D = Time resting spent in this place.
 E = Time spent auto-exploring this place.
 F = Levels seen in this place.
 G = Mean time per level.
                   A        B        C        D        E       F      G
               +--------+--------+--------+--------+--------+-----+--------+
         Total |  59803 |  53771 |   6032 |   2471 |  32181 |  67 |  892.6 |
       Dungeon |  18738 |  15771 |   2967 |    701 |  10858 |  15 | 1249.2 |
        Temple |    210 |    207 |      3 |      0 |    172 |   1 |  210.0 |
          Lair |   4962 |   4412 |    550 |    226 |   2841 |   5 |  992.4 |
        Shoals |   4395 |   4204 |    191 |    144 |   2693 |   4 | 1098.8 |
   Spider Nest |   4185 |   3792 |    393 |     86 |   2314 |   4 | 1046.2 |
    Slime Pits |   1270 |   1212 |     58 |    368 |      5 |   5 |  254.0 |
  Orcish Mines |   1990 |   1737 |    253 |      0 |   1218 |   2 |  995.0 |
   Elven Halls |   3811 |   3532 |    279 |     17 |   2155 |   3 | 1270.3 |
        Vaults |   7297 |   6614 |    683 |    180 |   3997 |   5 | 1459.4 |
         Crypt |   3130 |   2815 |    315 |      0 |   1876 |   3 | 1043.3 |
        Depths |   6299 |   6015 |    284 |    528 |   3390 |   4 | 1574.8 |
          Hell |    783 |    733 |     50 |    212 |    296 |   1 |  783.0 |
      Tartarus |    834 |    832 |      2 |      9 |     97 |   7 |  119.1 |
         Abyss |    912 |    912 |      0 |      0 |      0 |   5 |  182.4 |
         Sewer |    718 |    718 |      0 |      0 |    204 |   1 |  718.0 |
       Volcano |    243 |    243 |      0 |      0 |     61 |   1 |  243.0 |
         Arena |     18 |     18 |      0 |      0 |      0 |   1 |   18.0 |
               +--------+--------+--------+--------+--------+-----+--------+

Top non-repeatable levels by time:
     D:7: 2016 daAuts
Depths:1: 1901 daAuts
Depths:4: 1885 daAuts
    D:13: 1841 daAuts
    D:11: 1600 daAuts
Vaults:5: 1524 daAuts
Vaults:4: 1518 daAuts
Vaults:1: 1512 daAuts
Vaults:3: 1499 daAuts
    D:10: 1464 daAuts
 Crypt:3: 1380 daAuts
   Elf:1: 1360 daAuts
   Elf:3: 1334 daAuts
Depths:3: 1288 daAuts
  Lair:3: 1268 daAuts
